Map: [ESL] Gresvan

Players

HeroMarine

  • Race: Terran Terran
  • Spawn Location: 5:00

Spirit - Winner!

  • Race: Terran Terran
  • Spawn Location: 11:00

Event: ESL SC2 Masters 2023 Summer (Regionals)

VOD

Have the link to the VOD?

Description

Time

  • Played on: May 18, 2023, 9:14 a.m.
  • Length: 10:09

All games in this series

Show
View Real Time Build Order
Export as new Build Order

HeroMarine Terran 

Build Orders:  

Get SALT Encoding   

  12  0:00  SCV  
  13  0:12  SCV  
  14  0:17  Supply Depot  
  14  0:24  SCV  
  15  0:38  SCV  
  15  0:40  Barracks  
  16  0:42  Refinery  
  16  0:50  SCV  
  16  0:52  Refinery  
  17  1:02  SCV  
  18  1:15  SCV  
  19  1:26  Barracks Reactor  
  19  1:27  Orbital Command  
  19  1:31  Supply Depot  
  19  1:41  Factory  
  19  1:52  SCV  
  20  2:02  Reaper x2  
  20  2:04  SCV  
  23  2:16  SCV  
  24  2:24  Command Center  
  24  2:26  Hellion  
  24  2:29  SCV  
  27  2:34  Reaper x2  
  29  2:38  Supply Depot  
  30  2:50  Hellion  
  31  2:55  Starport  
  31  2:59  SCV  
  32  3:10  Marine  
  32  3:11  Marine, SCV  
  32  3:12  Factory Tech Lab  
  35  3:23  SCV  
  38  3:34  Medivac  
  38  3:35  Cyclone  
  38  3:36  SCV, Marine x2  
  43  3:45  Orbital Command  
  43  3:48  SCV  
  41  3:50  Refinery  
  41  3:54  Marine x2  
  43  4:00  SCV  
  44  4:11  SCV  
  44  4:12  SCV  
  44  4:13  Raven  
  44  4:14  Factory Tech Lab  
  48  4:20  Command Center  
  48  4:23  SCV  
  49  4:24  SCV  
  49  4:28  Supply Depot  
  50  4:34  Siege Tank  
  50  4:38  Marine  
  54  4:42  Marine  
  54  4:49  Supply Depot  
  54  4:50  Raven, SCV x2  
  57  4:58  Marine, Supply Depot  
  58  5:00  Marine  
  58  5:02  SCV x2  
  61  5:10  Siege Tank  
  61  5:12  Supply Depot  
  64  5:14  SCV x2  
  65  5:25  Marine x2  
  65  5:26  SCV x2  
  69  5:36  SCV  
  69  5:38  SCV x2  
  72  5:42  Refinery  
  72  5:43  Siege Tank  
  76  5:50  SCV x2  
  76  5:52  Viking x2  
  76  5:56  Stimpack  
  82  5:57  Orbital Command  
  82  5:59  Marine  
  82  6:02  SCV x2  
  84  6:13  Barracks  
  84  6:14  SCV x2  
  84  6:15  Barracks  
  84  6:17  Marine, Siege Tank, Supply Depot  
  90  6:24  Orbital Command  
  90  6:26  SCV  
  90  6:27  SCV  
  90  6:28  Viking x2  
  96  6:38  Engineering Bay  
  96  6:39  SCV x2  
  98  6:42  Engineering Bay  
  98  6:49  Siege Tank  
  98  6:51  SCV x2  
  102  6:54  SCV  
  102  7:00  Viking x2  
  107  7:03  SCV x2, Barracks Reactor x2  
  107  7:07  Refinery  
  107  7:08  Refinery  
  109  7:09  Supply Depot  
  109  7:10  Supply Depot  
  109  7:11  Terran Infantry Weapons Level 1, Terran Infantry Armor Level 1  
  109  7:13  SCV  
  109  7:15  SCV x2  
  112  7:17  Supply Depot  
  112  7:25  SCV  
  112  7:27  SCV  
  112  7:29  Siege Tank  
  116  7:30  SCV  
  116  7:31  Barracks x2  
  119  7:37  SCV  
  119  7:38  Combat Shield  
  119  7:41  SCV, Supply Depot x2  
  119  7:42  SCV, Marine x3  
  123  7:46  Marine  
  123  7:47  Marine  
  123  7:50  Supply Depot  
  125  7:53  Armory  
  127  8:00  Marine x3  
  127  8:04  Marine x2  
  127  8:05  Supply Depot  
  131  8:07  Sensor Tower  
  131  8:09  Command Center  
  131  8:10  Siege Tank  
  70  8:12  Medivac  
  131  8:15  Medivac  
  131  8:18  Marine x3  
  139  8:20  Barracks Reactor x2  
  139  8:22  Marine x2  
  139  8:25  SCV  
  139  8:26  SCV  
  104  8:35  Marine  
  104  8:36  Marine x2  
  104  8:40  Marine x2  
  102  8:45  Siege Tank  
  103  8:53  Marine x2  
  103  8:54  Marine, Medivac x2  
  100  8:58  Marine x2  
  100  9:05  Marine x4  
  102  9:11  Marine x3  
  102  9:14  Orbital Command  
  102  9:15  Marine  
  102  9:16  Marine  
  107  9:19  Siege Tank  
  107  9:22  Marine  
  107  9:23  Marine x2  
  107  9:24  SCV x2  
  115  9:27  Marine  
  115  9:29  Marine  
  118  9:34  Orbital Command  
  116  9:39  SCV  
  117  9:47  Marine x4  
  117  9:51  SCV x2  
  117  9:52  SCV  
Show
View Real Time Build Order
Export as new Build Order

Spirit Terran - Winner!

Build Orders: Reaper Expand 

Get SALT Encoding   

  12  0:00  SCV  
  13  0:12  SCV  
  14  0:17  Supply Depot  
  14  0:24  SCV  
  15  0:39  SCV  
  15  0:40  Barracks  
  16  0:43  Refinery  
  16  0:51  SCV  
  17  1:03  SCV  
  18  1:15  SCV  
  19  1:27  Orbital Command, Reaper  
  20  1:39  Command Center  
  20  1:49  Supply Depot  
  20  1:53  SCV  
  21  1:59  Marine  
  22  2:04  Factory  
  22  2:06  SCV  
  23  2:10  Refinery  
  23  2:21  Bunker, Barracks Reactor  
  23  2:22  SCV  
  24  2:34  SCV  
  25  2:46  SCV  
  25  2:47  Factory Tech Lab  
  25  2:51  Orbital Command  
  26  2:57  Marine x2  
  28  2:58  SCV, Refinery  
  28  3:05  Cyclone  
  32  3:10  SCV  
  33  3:13  Starport  
  33  3:17  Marine  
  33  3:18  Marine  
  35  3:21  SCV  
  35  3:24  SCV  
  37  3:33  SCV  
  38  3:34  Marine  
  38  3:37  SCV, Siege Tank  
  43  3:45  SCV  
  44  3:49  SCV  
  45  3:57  Marine  
  45  4:00  Supply Depot  
  46  4:04  SCV x2, Supply Depot  
  46  4:05  Marine  
  49  4:14  Raven  
  49  4:16  Factory Tech Lab  
  49  4:17  SCV x2  
  53  4:18  Marine  
  54  4:28  Command Center  
  54  4:29  SCV  
  54  4:30  SCV  
  56  4:40  Factory Reactor  
  56  4:41  SCV  
  56  4:42  SCV  
  58  4:46  Barracks  
  58  4:47  Stimpack, Marine  
  58  4:52  Raven  
  60  4:53  SCV  
  60  4:57  SCV  
  60  4:58  Supply Depot  
  62  5:02  Barracks  
  62  5:09  Refinery  
  62  5:12  Supply Depot  
  62  5:18  SCV  
  62  5:19  Marine  
  62  5:20  SCV  
  64  5:22  Engineering Bay  
  64  5:23  Engineering Bay  
  64  5:26  Raven  
  66  5:30  SCV  
  66  5:32  SCV, Factory Tech Lab  
  66  5:33  Supply Depot  
  66  5:34  Marine  
  69  5:42  Orbital Command  
  69  5:44  SCV  
  69  5:45  Marine  
  69  5:49  Terran Infantry Weapons Level 1  
  71  5:52  Terran Infantry Armor Level 1  
  71  5:54  Siege Tank  
  71  5:57  Supply Depot  
  74  5:58  Marine x2  
  74  5:59  Marine  
  74  6:01  Marine  
  78  6:05  Orbital Command  
  78  6:09  SCV  
  78  6:10  Marine, Starport Reactor  
  80  6:14  Missile Turret  
  80  6:16  Marine x3  
  80  6:17  SCV  
  84  6:21  SCV  
  85  6:26  Combat Shield, Siege Tank  
  85  6:27  Marine  
  85  6:29  SCV, Supply Depot  
  85  6:30  Marine  
  85  6:31  SCV  
  92  6:33  SCV, Marine  
  92  6:35  Marine  
  92  6:38  Marine, Sensor Tower  
  96  6:41  SCV  
  96  6:45  Marine  
  96  6:46  Supply Depot  
  99  6:47  Marine  
  99  6:49  Medivac, Supply Depot  
  99  6:50  Medivac  
  99  6:51  SCV  
  99  6:52  Supply Depot  
  105  6:54  Marine x2, SCV  
  105  6:55  Marine  
  105  6:56  SCV  
  109  7:01  Armory  
  109  7:08  Marine x2, SCV x3  
  113  7:12  Marine x2, Supply Depot  
  113  7:13  Marine  
  113  7:14  Supply Depot  
  116  7:21  Liberator, Medivac  
  121  7:26  Marine x2  
  121  7:27  SCV  
  121  7:28  SCV  
  121  7:29  Barracks  
  125  7:32  Marine x2  
  125  7:33  Barracks, Marine  
  125  7:34  SCV  
  129  7:40  Refinery x2  
  129  7:41  Supply Depot  
  129  7:43  Marine x2, Supply Depot  
  131  7:44  Siege Tank  
  131  7:50  Marine x3  
  137  7:57  SCV  
  138  8:01  Marine x2  
  138  8:02  SCV x2  
  142  8:05  Supply Depot  
  142  8:07  Supply Depot  
  142  8:08  Marine  
  142  8:09  SCV  
  144  8:14  Marine  
  144  8:15  Marine  
  144  8:18  Barracks Reactor  
  146  8:24  Command Center  
  145  8:28  Marine  
  145  8:30  Marine x2  
  145  8:32  Marine x2  
  147  8:36  Siege Tank  
  147  8:37  SCV  
  149  8:41  SCV, Barracks Reactor  
  149  8:42  SCV  
  149  8:46  Marine  
  149  8:48  Marine x2  
  153  8:49  SCV  
  153  8:50  Marine x2  
  153  8:52  Medivac  
  153  8:53  SCV  
  153  8:54  SCV  
  153  8:56  Marine x2  
  153  9:01  SCV  
  156  9:04  Marine  
  156  9:05  Marine  
  156  9:06  Marine, SCV  
  156  9:07  Supply Depot  
  156  9:08  Marine x2  
  156  9:09  SCV  
  163  9:13  SCV, Marine x2  
  163  9:18  Refinery  
  163  9:22  Marine  
  163  9:23  Marine x2, SCV  
  163  9:24  SCV, Starport  
  168  9:25  Fusion Core, Starport  
  168  9:26  SCV  
  168  9:27  Marine  
  168  9:29  Marine x3  
  173  9:31  Marine  
  176  9:40  Marine x2  
  176  9:41  Marine  
  181  9:48  Marine  
  181  9:51  Marine x2  
Tags
 
Add a new tag
Caveats
  • Supply blocks, unpowered buildings, or Contaminate may cause inaccurate times.
  • Supply counts are checked every 10 seconds.